 Dungeon Crawl Stone Soup version 0.22-a0-605-g9281fa2 (webtiles) character file.

66 Amnesiac the Ducker (level 3, -4/18 HPs)
             Began as a Spriggan Transmuter on July 8, 2018.
             Slain by a gnoll
             ... wielding a +0 spear
              (8 damage)
             ... on level 2 of the Dungeon.
             The game lasted 00:02:22 (1089 turns).

Amnesiac the Ducker (Spriggan Transmuter)           Turns: 1089, Time: 00:02:23

Health: -4/18      AC:  2    Str:  6    XL:     3   Next: 96%
Magic:  5/8        EV: 20    Int: 15    God:
Gold:   65         SH:  0    Dex: 16    Spells: 5/8 levels left

rFire    . . .     SeeInvis +     - Unarmed
rCold    . . .     Gourm    .   (shield restricted)
rNeg     . . .     Faith    .   b - +0 robe
rPois    .         Spirit   .   (helmet restricted)
rElec    .         Reflect  .   (no cloak)
rCorr    .         Harm     .   (gloves unavailable)
MR       .....                  (boots unavailable)
Stlth    +.........             (no amulet)
HPRegen  0.06/turn              (no ring)
MPRegen  0.11/turn              (no ring)

@: appendage (expiring), very quick
A: very small, unfitting armour, talons 3, see invisible, herbivore, speed 3,
slow metabolism 2
a: End Transformation


You were on level 2 of the Dungeon.
You were not hungry.
You had grown temporary talons.
You visited 1 branch of the dungeon, and saw 2 of its levels.

You collected 65 gold pieces.

Inventory:

Missiles
 a - 7 arrows
Armour
 b - a +0 robe (worn)
Scrolls
 c - a scroll of remove curse {!r}
 i - a scroll of noise {!r, unknown}
Potions
 e - a potion of curing {!q, unknown}
 f - a potion of invisibility {!q, unknown}
 g - a potion of cancellation {!q, unknown}
 h - a potion of agility {!q, unknown}
Comestibles
 d - 2 rations


   Skills:
 + Level 1.5 Fighting
 * Level 4.8 Dodging
 - Level 2.4 Unarmed Combat
 + Level 3.4 Spellcasting
 - Level 3.0 Transmutations


You had 5 spell levels left.
You knew the following spells:

 Your Spells              Type           Power        Failure   Level  Hunger
a - Beastly Appendage     Tmut           ##....       5%          1    None
b - Sticks to Snakes      Tmut           ##......     9%          2    ##.....

Your spell library contained the following spells:

 Spells                   Type           Power        Failure   Level  Hunger
 Spider Form              Tmut/Pois      #.........   30%         3    ###....
 Blade Hands              Tmut           ##........   83%         5    ######.
 Ice Form                 Ice/Tmut       #.......     71%         4    ####...


Dungeon Overview and Level Annotations

Branches:
Dungeon (2/15)

Altars:


Innate Abilities, Weirdness & Mutations

You are very small and have problems with some larger weapons.
You are too small for most types of armour.
You have supernaturally acute eyesight. (SInv)
You are a herbivore.
You cover ground extremely quickly.
You need to consume almost no food.
You have claws for feet.


Message History

Casting: Beastly Appendage (safe; 5% risk of failure)
Confirm with . or Enter, or press ? or * to list all spells.
You create a snake!
You now have 8 arrows.
The gnoll hits you with a halberd of venom.
You hit the gnoll.
The gnoll is heavily wounded.
The gnoll hits you from afar with a spear.
The gnoll closely misses you.
You barely miss the gnoll.
The gnoll is heavily wounded.
Your horns disappear.
The gnoll closely misses you.
You swap places.
The gnoll barely misses you.
You see here a bat corpse.
Your ball python grabs the gnoll.
Your ball python constricts the gnoll.
The gnoll barely misses your ball python.
Found a scroll labeled XEAFUPLOFU.
Your ball python constricts the gnoll.
The gnoll barely misses your ball python.
Your ball python constricts the gnoll.
Your ball python constricts the gnoll.
The gnoll hits your ball python with a halberd of venom!
Your ball python dies!
Casting: Sticks to Snakes (safe; 9% risk of failure)
Confirm with . or Enter, or press ? or * to list all spells.
Your feet morph into talons.
You hit the gnoll but do no damage.
The gnoll is almost dead.
The gnoll barely misses you. The gnoll closely misses you.
You hit the gnoll.
You kill the gnoll!
The gnoll closely misses you. The gnoll barely misses you.
Things that are here:
a halberd of venom; a gnoll corpse You barely miss the gnoll.
The gnoll is moderately wounded.
The gnoll closely misses you.
You hit the gnoll.
The gnoll is heavily wounded.
The gnoll misses you.
Casting: Beastly Appendage (safe; 5% risk of failure)
Confirm with . or Enter, or press ? or * to list all spells.
You create a snake!
You now have 7 arrows.
The gnoll hits you with a spear.
You barely miss the gnoll.
The gnoll is heavily wounded.
Your ball python grabs the gnoll.
Your ball python constricts the gnoll.
The gnoll closely misses you.
You hit the gnoll but do no damage. You claw the gnoll, but do no damage.
The gnoll is heavily wounded.
Your ball python constricts the gnoll.
You hit the gnoll but do no damage. You claw the gnoll, but do no damage.
The gnoll is heavily wounded.
Your transformation is almost over.
The gnoll misses you.
Your ball python constricts the gnoll.
You barely miss the gnoll.
The gnoll is heavily wounded.
The gnoll hits you with a spear!
* * * LOW HITPOINT WARNING * * *
Your ball python constricts the gnoll.
You hit the gnoll.
The gnoll is severely wounded.
The gnoll hits you with a spear!
You die...

#..# ##.##.#.##.#.##..#
#..####......gg......#
#......g...#.###))#####
#.##########.........gg#
#.# #####..####r# #.#
#..# #.# #..###
#.##############...?.
#........Sg@.....###
##################


You could see a gnoll and a friendly ball python.

Vanquished Creatures
  3 gnolls (D:2)
  An adder (D:2)
  2 dart slugs
  2 leopard geckos
  A giant cockroach (D:1)
  A goblin (D:1)
  4 hobgoblins
  5 jackals (D:2)
  A kobold (D:1)
  4 bats
  2 rats (D:1)
26 creatures vanquished.

Vanquished Creatures (collateral kills)
  A worm (D:2)
  A rat (D:2)
2 creatures vanquished.

Grand Total: 28 creatures vanquished

Notes
Turn   | Place    | Note
-------+----------+-------------------------------------------
     0 | D:1      | Amnesiac the Spriggan Transmuter began the quest for the Orb.
     0 | D:1      | Reached XP level 1. HP: 9/9 MP: 5/5
   266 | D:1      | Reached skill level 1 in Fighting
   278 | D:1      | Reached XP level 2. HP: 14/14 MP: 6/6
   286 | D:1      | Learned a level 2 spell: Sticks to Snakes
   680 | D:2      | Reached skill level 4 in Dodging
   854 | D:2      | Reached XP level 3. HP: 18/18 MP: 8/8
  1089 | D:2      | Slain by a gnoll

Vault maps used:
D:1:      dpeg_arrival_yet_another_circle
D:2:      nicolae_gozag_seed_capital

Skill      XL: |  1  2 |
---------------+-------+-----
Fighting       | 1 |  1.5
Transmutations | 3 |  3.0
Spellcasting   | 3 |  3.4
Dodging        | 4 |  4.8
Unarmed Combat | |  2.4

Action                   || total
-------------------------++-------
Melee: Unarmed           ||   125
       Headbutt          ||    12
       Kick              ||    11
 Cast: Beastly Appendage ||    17
       Sticks to Snakes  ||     5
  Use: Scroll            ||     1
Armor: Robe              ||     8
Dodge: Dodged            ||   128

Table legend:
 A = Spawn XP
 B = Non-spawn XP
 C = Spawn XP percentage of total XP
 D = Spawn monster count
 E = Non-spawn monster count
 F = Spawn count percentage of total count
 G = Total turns spent on level
                    A         B        C        D         E        F      G
               +---------+---------+-------+---------+---------+-------+---------
         Total |       0 |      95 |   0.0 |       0 |      28 |   0.0 |  1089
               +---------+---------+-------+---------+---------+-------+---------
           D:1 |       0 |      23 |   0.0 |       0 |      12 |   0.0 |   618
           D:2 |       0 |      72 |   0.0 |       0 |      16 |   0.0 |   471
               +---------+---------+-------+---------+---------+-------+---------
